 Dungeon Crawl Stone Soup version 0.27.1-1-g398f81649c (webtiles) character file.

Game seed: 10830759187503603745

1726 Metae the Skirmisher (level 8, -1/74 HPs)
             Began as a Minotaur Fighter on Sept 14, 2021.
             Was an Initiate of Okawaru.
             Succumbed to a killer bee's poison
             ... on level 6 of the Dungeon.
             The game lasted 00:21:07 (6501 turns).

Metae the Skirmisher (Minotaur Fighter)             Turns: 6501, Time: 00:21:08

Health: -1/74      AC: 10    Str: 23    XL:     8   Next: 75%
Magic:  16/16      EV: 10    Int: 12    God:    Okawaru [......]
Gold:   425        SH: 11    Dex: 10    Spells: 7/7 levels left

rFire    + . .     SeeInvis .   d - +3 trident (venom)
rCold    . . .     Faith    .   c - +0 kite shield
rNeg     . . .     Spirit   .   w - +0 chain mail
rPois    .         Reflect  .   (helmet restricted)
rElec    .         Harm     .   (no cloak)
rCorr    .         Rampage  .   (no gloves)
Will     .....                  (no boots)
Stlth    ..........             (no amulet)
HPRegen  0.22/turn              u - ring of Sujad {Fly rF+ MP+9 Int+7}
MPRegen  0.15/turn              s - +4 ring of evasion

@: lethally poisoned (-1 -> -7), flying
A: horns 2, retaliatory headbutt
a: Renounce Religion


You were on level 6 of the Dungeon.
You worshipped Okawaru.
Okawaru was noncommittal.
You visited 1 branch of the dungeon, and saw 7 of its levels.

You collected 425 gold pieces.

Inventory:

Hand Weapons
 a - a +0 trident
 d - a +3 trident of venom (weapon)
Missiles
 j - 148 stones (quivered)
Armour
 b - a +0 scale mail
 c - a +0 kite shield (worn)
 q - a +0 plate armour
 w - a +0 chain mail (worn)
Jewellery
 m - a ring of protection from fire
 o - a ring of protection from fire
 s - a +4 ring of evasion (right hand)
 u - the ring of Sujad (left hand) {Fly rF+ MP+9 Int+7}
   (You found it on level 4 of the Dungeon)

   [ring of flight]

   Int:       It affects your intelligence (+7).
   rF:        It protects you from fire.
   MP:        It affects your magic capacity (+9).
   Fly:       It grants you flight.
Wands
 x - a wand of flame (15)
 y - a wand of mindburst (9)
Scrolls
 e - a scroll of enchant weapon {unknown}
 g - 2 scrolls of immolation
 k - a scroll of brand weapon {unknown}
 n - 2 scrolls of noise
 p - a scroll of silence
 r - 5 scrolls of teleportation
 t - a scroll of magic mapping {unknown}
 v - a scroll of vulnerability {unknown}
 z - a scroll of acquirement {unknown}
Potions
 f - a potion of degeneration


   Skills:
 + Level 7.7 Fighting
 + Level 7.1 Polearms
 + Level 7.6 Armour
 + Level 7.6 Shields


You had 7 spell levels left.
You didn't know any spells.
Your spell library contained the following spells:

 Spells                   Type           Power      Damage    Failure   Level
 Ensorcelled Hibernation  Hex/Ice        0%         N/A       100%        2
 Spider Form              Tmut/Pois      0%         N/A       100%        3
 Shadow Creatures         Summ           N/A        N/A       100%        6


Dungeon Overview and Level Annotations

Branches:
Dungeon (7/15)             Temple (0/1) D:5

Altars:
Dithmenos
Fedhas
Nemelex Xobeh
Okawaru
Ru

Annotations:
D:3 exclusion: oklob plant


Innate Abilities, Weirdness & Mutations

You have a pair of horns on your head.
You reflexively headbutt those who attack you in melee.


Message History

The killer bee stings you but does no damage.
The killer bee closely misses you.
Your Polearms skill increases to level 7!
You hit the killer bee.
The killer bee is poisoned.
The killer bee is lightly wounded.
You feel very sick.
You block the killer bee's attack. x2; The killer bee closely misses you. x2
You furiously retaliate!
You headbutt the killer bee, but do no damage.
Your shield and chain mail prevent you from hitting the killer bee.
Your headbutt misses the killer bee.
The killer bee is moderately wounded.
You feel sick. The killer bee stings you!
* * * LOW HITPOINT WARNING * * *
The killer bee stings you.
* * * LOW HITPOINT WARNING * * *
You are more poisoned.
The killer bee poisons you! The killer bee stings you.
* * * LOW HITPOINT WARNING * * *
The killer bee barely misses you. You furiously retaliate!
You headbutt the killer bee! You block the killer bee's attack.
Unknown command.
As you read the scroll of teleportation, it crumbles to dust.
You feel strangely unstable.
* * * LOW HITPOINT WARNING * * *
You feel very sick. The killer bee barely misses you.
The killer bee closely misses you.
The killer bee stings you but does no damage.
The killer bee barely misses you.
Okay, then.
* * * LOW HITPOINT WARNING * * *
You feel very sick.
* * * LOW HITPOINT WARNING * * *
You feel sick. You block the killer bee's attack.
Your surroundings suddenly seem different.
* * * LOW HITPOINT WARNING * * *
You feel sick. Okawaru accepts your kill.
You feel a bit more experienced.
You die...

#.#######.#+###≈# #.....[....
#.............#≈# ##.#########
#########.#.###≈# #....# #..
#.#.# #.# #...<# #.. #.#.#
#.###....# #..
#.#'###.#'#..#.#####..
#.....#......#........
#.....#......#######.#
############....@#.....^# #.#
...............#####'#..#######<#
############...# #.#..........# #
#...# #.#.########.# # #...#
#.#.# #.# # #...# #.#.##########
# #...# #..........≈.. # #.#.#
##....###..≈## # #.#.#
#....##...≈#


There were no monsters in sight!

Vanquished Creatures
  A wyvern (D:6)
  A steam dragon (D:6)
  Eustachio (D:4)
  A sky beast (D:6)
  A centaur (D:6)
  An ogre (D:5)
  A kobold brigand (D:6)
  A scorpion (D:6)
  2 killer bees
  2 howler monkeys
  3 hounds
  3 jellies
  3 iguanas
  10 orc wizards
  2 hound skeletons
  4 gnolls (D:5)
  5 adders
  A shadow imp (D:6)
  2 white imps (D:5)
  An ufetubus (D:6)
  A worm (D:2)
  3 dart slugs
  16 orcs
  6 bats
  7 endoplasms
  3 giant cockroaches
  8 goblins
  6 hobgoblins
  3 jackals (D:2)
  8 kobolds
  2 quokkas (D:5)
  6 ball pythons
  A frilled lizard (D:2)
  5 rats
121 creatures vanquished.

Vanquished Creatures (others)
  An orc wizard (D:6)
  10 plants
11 creatures vanquished.

Grand Total: 132 creatures vanquished

Notes
Turn   | Place    | Note
-------+----------+-------------------------------------------
     0 | D:1      | Metae the Minotaur Fighter began the quest for the Orb.
     0 | D:1      | Reached XP level 1. HP: 19/19 MP: 0/0
   171 | D:1      | Found a faded altar of an unknown god.
   366 | D:1      | Reached XP level 2. HP: 27/27 MP: 1/1
   498 | D:1      | Found Esmoifuv's Assorted Antiques.
   571 | D:1      | You fall into a shaft and drop 1 floor!
   708 | D:2      | Reached XP level 3. HP: 33/33 MP: 2/2
  1126 | D:1      | Found a sacrificial altar of Ru.
  1167 | D:2      | Reached XP level 4. HP: 38/41 MP: 3/3
  1472 | D:2      | You fall into a shaft and drop 2 floors!
  1489 | D:4      | Noticed Eustachio
  1507 | D:4      | Killed Eustachio
  1508 | D:4      | Reached skill level 5 in Fighting
  1508 | D:4      | Reached skill level 5 in Armour
  1508 | D:4      | Reached skill level 5 in Shields
  1508 | D:4      | Reached XP level 5. HP: 42/48 MP: 4/4
  1583 | D:4      | Reached XP level 6. HP: 48/56 MP: 5/5
  2187 | D:3      | Found a blossoming altar of Fedhas.
  2206 | D:3      | Noticed an oklob plant
  2313 | D:3      | Found a shadowy altar of Dithmenos.
  3060 | D:4      | Identified the ring of Sujad {Fly rF+ MP+9 Int+7}
  3174 | D:4      | You fall into a shaft and drop 3 floors!
  3195 | D:7      | Noticed a steam dragon
  3211 | D:6      | Killed a steam dragon
  3391 | D:6      | Reached skill level 5 in Polearms
  3391 | D:6      | Reached XP level 7. HP: 51/62 MP: 6/6
  4158 | D:6      | Reached XP level 8. HP: 67/71 MP: 7/7
  4258 | D:5      | Entered Level 5 of the Dungeon
  4310 | D:5      | Found a staircase to the Ecumenical Temple.
  4351 | D:5      | Found an iron altar of Okawaru.
  5063 | D:5      | Found a sparkling altar of Nemelex Xobeh.
  5369 | D:6      | Noticed a two-headed ogre
  5493 | D:5      | Became a worshipper of Warmaster Okawaru
  6499 | D:6      | HP: 3/73 [poisoned by a killer bee]
  6500 | D:6      | HP: 1/73 [poisoned by a killer bee]
  6501 | D:6      | Succumbed to a killer bee's poison

Illustrated notes

Levels and vault maps discovered:
D:1:      dpeg_arrival_lava_altar, layout_loops_ring, serial_rivers,
          chequers_serial_rivers_room_a, chequers_serial_rivers_room_b,
          chequers_serial_rivers_room_a, chequers_serial_rivers_small_3,
          shapermc_ecumenical_altar_mp_ritualfount, serial_shops,
          nicolae_diamond_shop, st_stairs_11, minivault_25,
          kennysheep_minor_cross
D:2:      layout_basic
D:3:      layout_loops_ring, tgw_fedhas, marbit_many_paths,
          minmay_misc_feat_ornament
D:4:      layout_loops_ring, grunt_temple_overflow_holy_war, lemuel_tele_altar,
          portal_sewer_entry_b, serial_shops, nicolae_shop_window_shopping,
          uniq_eustachio
D:5:      layout_basic, okawaru_metal_pillars_3, amcnicky_altar_gilded,
          minmay_temple_entry_grid, serial_curves, eino_curves_02,
          eino_curves_03, kennysheep_generic_room_14
D:6:      minmay_flawed_box, layout_basic, serial_rivers,
          chequers_serial_rivers_large_a, chequers_serial_rivers_micro_d,
          chequers_serial_rivers_small_a, chequers_serial_rivers_small_3,
          chequers_serial_rivers_micro_e, corexii_corridor_pit,
          minmay_liquid_box
D:7:      layout_cave_pods, makhleb_blood_cavern_becter, uniq_joseph

Skill      XL: |  1  2  3  4  5  6  7  8 |
---------------+-------------------------+-----
Fighting       | 4 5 6 7 |  7.7
Polearms       | 3 4 5 7 |  7.1
Armour         | 4 5 6 7 |  7.6
Shields        | 4 5 6 7 |  7.6

Action                   |  1- 3 |  4- 6 |  7- 9 || total
-------------------------+-------+-------+-------++-------
Melee: Trident           |    65 |   111 |   186 ||   362
       Headbutt          |     9 |    14 |    32 ||    55
  Use: Potion            |       |     1 |     2 ||     3
       Scroll            |       |       |     8 ||     8
Armor: Scale mail        |    29 |    28 |    11 ||    68
       Chain mail        |       |       |    68 ||    68
Dodge: Dodged            |    17 |    22 |    72 ||   111
Block: Kite shield       |    39 |    46 |    77 ||   162
